 Dungeon Crawl Stone Soup version 0.32-a0-928-g1cae6b7ea0 (webtiles) character file.

Game seed: 11356288350192342398

60 MachoJfn the Trooper (level 3, 0/29 HPs)
             Began as a Demonspawn Fighter on Apr 12, 2024.
             Slain by a ribbon worm (2 damage)
             ... on level 2 of the Dungeon.
             The game lasted 00:02:27 (903 turns).

MachoJfn the Trooper (Demonspawn Fighter)            Turns: 903, Time: 00:02:28

Health: 0/29       AC:  8    Str: 18    XL:     3   Next: 82%
Magic:  3/3        EV:  8    Int:  8    God:
Gold:   69         SH:  4    Dex: 12    Spells: 2/2 levels left

rFire   . . .        a - +0 war axe
rCold   . . .        c - +0 buckler
rNeg    . . .        b - +0 scale mail
rPois   .            (helmet restricted)
rElec   .            g - +0 cloak
rCorr   .            (no gloves)
SInv    .            (no boots)
Will    +....        (no amulet) Stlth
                     e - ring of willpower
HPRegen 0.24/turn    (no ring)
MPRegen 0.08/turn

%: no passive effects
@: no status effects
A: antennae 1, powered by death 1
a: no special abilities


You were on level 2 of the Dungeon.
You visited 1 branch of the dungeon, and saw 2 of its levels.

You collected 69 gold pieces.

Inventory:

Hand Weapons
 a - a +0 war axe (weapon)
Missiles
 h - 2 datura-tipped darts (quivered)
Armour
 b - a +0 scale mail (worn)
 c - a +0 buckler (worn)
 g - a +0 cloak (worn)
Jewellery
 e - a ring of willpower (left hand)
Scrolls
 i - 5 scrolls of identify {unknown}
 k - a scroll of brand weapon {unknown}
Potions
 d - a potion of might
 f - a potion of brilliance {unknown}
 j - a potion of enlightenment {unknown}
 l - 2 potions of curing {unknown}
 m - a potion of mutation {unknown}


   Skills:
 + Level 3.3 Fighting
 + Level 2.3 Axes
 + Level 3.2 Armour
 + Level 1.0 Dodging
 + Level 0.2 Stealth
 + Level 3.0 Shields


You had 2 spell levels left.
You didn't know any spells.
Your spell library was empty.

Dungeon Overview and Level Annotations

Branches:
Dungeon (2/15)

Altars:


Innate Abilities, Weirdness & Mutations

You have a pair of small antennae on your head.
You regenerate a little health from kills.


Message History

You hit the ribbon worm.
The ribbon worm is moderately wounded.
You barely miss the ribbon worm. The ribbon worm misses you.
The ribbon worm bites you.
You hit the ribbon worm.
The ribbon worm is heavily wounded.
You barely miss the ribbon worm. The ribbon worm bites you.
The ribbon worm bites you but does no damage.
The ribbon worm bites you.
You barely miss the ribbon worm.
The ribbon worm is moderately wounded.
You slash the ribbon worm! The ribbon worm bites you. x2
The ribbon worm bites you but does no damage.
You hit the ribbon worm.
The ribbon worm is heavily wounded.
You hit the ribbon worm.
The ribbon worm expels a string of sticky webbing.
The stream of webbing hits you but does no damage.
You are caught in a web!
The ribbon worm bites you but does no damage.
You struggle to detach yourself from the web.
The ribbon worm expels a string of sticky webbing.
The stream of webbing hits you but does no damage.
You are even more entangled.
The web tears apart.
The ribbon worm bites you but does no damage.
You block the ribbon worm's attack.
You hit the ribbon worm but do no damage.
The ribbon worm is moderately wounded.
You hit the ribbon worm. The ribbon worm barely misses you.
The ribbon worm bites you.
* * * LOW HITPOINT WARNING * * *
You barely miss the ribbon worm.
The ribbon worm is moderately wounded.
You hit the ribbon worm.
The ribbon worm bites you but does no damage.
The ribbon worm bites you!
* * * LOW HITPOINT WARNING * * *
The ribbon worm bites you.
You die...

#.#............####
#...######.###.#####
##### ##.##.......
###..##)#.####
#...##.)#..###
##.###..###....
####..##..## ####.
#######........##
####
.......@.##.####
#... ......ww....#
#... ..........###
#... .........##
#... .........# #...
.........# #...
.........# #...
.........# #... #


You could see 2 ribbon worms.

Vanquished Creatures
  Robin (D:2)
  A dart slug (D:1)
  A ribbon worm (D:2)
  3 endoplasms
  11 goblins (D:2)
  8 hobgoblins
  3 kobolds
  7 ball pythons
  2 bats (D:1)
  2 frilled lizards
  2 rats (D:1)
41 creatures vanquished.

Notes
Turn   | Place    | Note
-------+----------+-------------------------------------------
     0 | D:1      | MachoJfn the Demonspawn Fighter began the quest for the
                  | Orb.
     0 | D:1      | Reached XP level 1. HP: 18/18 MP: 1/1
    85 | D:1      | Gained mutation: You have a pair of small antennae on your
                  | head. [demonic ancestry]
    85 | D:1      | Reached XP level 2. HP: 24/24 MP: 2/2
   699 | D:2      | Noticed Robin
   703 | D:2      | Gained mutation: You regenerate a little health from kills.
                  | [demonic ancestry]
   703 | D:2      | Reached XP level 3. HP: 25/29 MP: 3/3
   721 | D:2      | Killed Robin
   797 | D:2      | Reached skill level 1 in Dodging
   903 | D:2      | Slain by a ribbon worm

Illustrated notes

Levels and vault maps discovered:
D:1:      psy_arrival_spokes, layout_rooms
D:2:      layout_rooms, uniq_terence, uniq_robin

Skill      XL: |  1  2  3 |
---------------+----------+-----
Axes           | 2 |  2.3
Armour         | 3 |  3.2
Shields        | 3 |  3.0
Dodging        | 1 |  1.0
Fighting       | |  3.3
Stealth        | |  0.2

Action                     || total
---------------------------++-------
  Melee: War axe           ||   100
 Armour: Scale mail        ||   146
  Dodge: Dodged            ||    35
  Block: Buckler           ||    26

Table legend: (Time is in decaauts)
 A = Elapsed time spent in this place.
 B = Non-inter-level travel time spent in this place.
 C = Inter-level travel time spent in this place.
 D = Time resting spent in this place.
 E = Time spent auto-exploring this place.
 F = Levels seen in this place.
 G = Mean time per level.
                   A        B        C        D        E       F      G
               +--------+--------+--------+--------+--------+-----+--------+
         Total |    946 |    866 |     80 |     20 |    555 |   2 |  473.0 |
       Dungeon |    946 |    866 |     80 |     20 |    555 |   2 |  473.0 |
               +--------+--------+--------+--------+--------+-----+--------+

Top non-repeatable levels by time:
     D:1: 632 daAuts
     D:2: 313 daAuts
